 Dungeon Crawl Stone Soup version 0.21.1-1-g345015f (webtiles) character file.

359 Fang the Chopper (level 6, -1/39 HPs)
             Began as a Gargoyle Berserker on May 14, 2018.
             Was a Priest of Trog.
             Slain by a worker ant (3 damage)
             ... on level 4 of the Dungeon.
             The game lasted 00:05:40 (2654 turns).

Fang the Chopper (Gargoyle Berserker)               Turns: 2654, Time: 00:05:41

Health: -1/39      AC:  6    Str: 23    XL:     6   Next: 65%
Magic:  6/6        EV: 12    Int:  7    God:    Trog [***...]
Gold:   147        SH:  0    Dex:  9    Spells: 5/5 levels left

rFire    . . .     SeeInvis .   a - +1 hand axe
rCold    . . .     Gourm    .   (no shield)
rNeg     + . .     Faith    .   b - +0 animal skin
rPois    ∞         Spirit   .   (no helmet)
rElec    +         Reflect  .   (no cloak)
rCorr    .         Harm     .   (no gloves)
MR       .....                  (no boots)
Stlth    +.........             (no amulet)
HPRegen  0.13/turn              (no ring)
MPRegen  0.10/turn              (no ring)

@: berserk cooldown, slowed, very slow
A: negative energy resistance 1, electricity resistance, unbreathing,
petrification resistance, rot immunity, AC +4
a: Berserk, Trog's Hand, Burn Spellbooks, Renounce Religion


You were on level 4 of the Dungeon.
You worshipped Trog.
Trog was most pleased with you.
You were hungry.

You visited 1 branch of the dungeon, and saw 4 of its levels.

You collected 147 gold pieces.

Inventory:

Hand Weapons
 a - a +1 hand axe (weapon)
Armour
 b - a +0 animal skin (worn)
Scrolls
 e - a scroll of fog
 g - 2 scrolls of identify
 h - a scroll of remove curse
 j - a scroll of enchant weapon
 k - 2 scrolls of teleportation
Potions
 f - 2 potions of curing
 i - 2 potions of mutation
Comestibles
 c - 3 rations
 d - 5 chunks of flesh


   Skills:
 + Level 4.6 Fighting
 + Level 5.2 Axes
 + Level 2.3 Armour
 + Level 2.9 Dodging
 + Level 0.8 Stealth


You had 5 spell levels left.
You didn't know any spells.

Dungeon Overview and Level Annotations

Branches:
Dungeon (4/15)
 Temple: D:4-7

Altars:


Innate Abilities, Weirdness & Mutations

You are resistant to torment.
Your stone body is resilient. (AC +4)
You are immune to poison.
You resist negative energy. (rN+)
You are resistant to electric shocks. (rElec)
You can survive without breathing.
You are immune to petrification.
You are immune to rotting.


Message History

You feel your anger nearly subside.
You are no longer berserk.
You are exhausted.
You feel yourself slow down.
A worker ant is nearby!
A worker ant is nearby!
A worker ant is nearby!
A worker ant is nearby!
The worker ant waves its antennae.
The worker ant bites you.
* * * LOW HITPOINT WARNING * * *
The worker ant barely misses you.
You hit the worker ant but do no damage.
The worker ant closely misses you.
The worker ant waves its antennae.
The worker ant closely misses you.
You closely miss the worker ant.
You are feeling hungry.
The worker ant closely misses you. The worker ant bites you.
You die...

#. #.. #..
#.##..######...
#............#
#.....# #.###.#
#a# #@# #.# #.
#.# #. #.# #.#
#.#######.# #.#
#.........# #.#
#..########
#.###.)######
#...........#


You could see a worker ant.

Vanquished Creatures
  An ogre (D:4)
  2 orc priests (D:4)
  An iguana (D:4)
  4 adders
  4 gnolls
  4 worms
  2 dart slugs
  7 orcs
  A ball python (D:2)
  9 bats
  5 giant cockroaches
  11 goblins
  7 hobgoblins
  13 jackals
  9 kobolds
  A quokka (D:3)
  A ball python skeleton (D:4)
  2 frilled lizards
  10 rats
94 creatures vanquished.

Notes
Turn   | Place    | Note
-------+----------+-------------------------------------------
     0 | D:1      | Fang the Gargoyle Berserker began the quest for the Orb.
     0 | D:1      | Reached XP level 1. HP: 14/14 MP: 1/1
    88 | D:1      | Reached XP level 2. HP: 19/19 MP: 2/2
    94 | D:1      | Reached skill level 3 in Axes
   686 | D:2      | Reached XP level 3. HP: 23/23 MP: 3/3
   695 | D:2      | Reached ** piety under Trog
   970 | D:2      | Reached XP level 4. HP: 23/29 MP: 4/4
   986 | D:2      | HP: 1/43 [gnoll/whip (4)]
  1293 | D:2      | Reached skill level 4 in Axes
  1452 | D:3      | Reached XP level 5. HP: 31/33 MP: 5/5
  1909 | D:3      | Reached *** piety under Trog
  2435 | D:4      | Noticed an ogre
  2443 | D:4      | Killed an ogre
  2443 | D:4      | Reached XP level 6. HP: 27/39 MP: 6/6
  2578 | D:4      | Reached skill level 5 in Axes
  2654 | D:4      | Slain by a worker ant

Skill      XL: |  1  2  3  4  5  6 |
---------------+-------------------+-----
Axes           | 3 4 5 |  5.2
Dodging        | 2 |  2.9
Fighting       | 4 |  4.6
Armour         | |  2.3
Stealth        | |  0.8

Action                   |  1- 3 |  4- 6 || total
-------------------------+-------+-------++-------
Melee: Hand axe          |    79 |   202 ||   281
Invok: Berserk           |     1 |     3 ||     4
  Use: Scroll            |       |     9 ||     9
       Potion            |       |     1 ||     1
  Eat: Chunk             |     1 |     8 ||     9
Armor: Animal skin       |    25 |    63 ||    88
Dodge: Dodged            |    71 |   132 ||   203
